 Dungeon Crawl Stone Soup version 0.22.1 (webtiles) character file.

239 Fang the Skirmisher (level 6, -7/39 HPs)
             Began as a Gargoyle Berserker on Sept 18, 2018.
             Was a Believer of Trog.
             Killed from afar by Natasha (8 damage)
             ... with a magic dart
             ... on level 4 of the Dungeon.
             The game lasted 00:01:51 (2552 turns).

Fang the Skirmisher (Gargoyle Berserker)            Turns: 2552, Time: 00:01:52

Health: -7/39      AC:  6    Str: 22    XL:     6   Next: 7%
Magic:  6/6        EV: 12    Int:  8    God:    Trog [**....]
Gold:   118        SH:  0    Dex:  9    Spells: 5/5 levels left

rFire    . . .     SeeInvis .   a - +0 hand axe
rCold    . . .     Gourm    .   (no shield)
rNeg     + . .     Faith    .   b - +0 animal skin
rPois    ∞         Spirit   .   (no helmet)
rElec    +         Reflect  .   (no cloak)
rCorr    .         Harm     .   (no gloves)
MR       .....                  (no boots)
Stlth    ++........             (no amulet)
HPRegen  0.13/turn              n - ring of stealth
MPRegen  0.10/turn              (no ring)

@: berserk cooldown, slowed, very slow
A: negative energy resistance 1, electricity resistance, unbreathing,
petrification resistance, rot immunity, AC +4
a: Berserk, Trog's Hand, Renounce Religion


You were on level 4 of the Dungeon.
You worshipped Trog.
Trog was pleased with you.
You were not hungry.

You visited 1 branch of the dungeon, and saw 4 of its levels.

You collected 118 gold pieces.

Inventory:

Hand Weapons
 a - a +0 hand axe (weapon)
Armour
 b - a +0 animal skin (worn)
Jewellery
 n - a ring of stealth (left hand)
Wands
 i - a wand of flame (21)
Scrolls
 d - 4 scrolls of identify {unknown}
 e - 3 scrolls of magic mapping {unknown}
 g - a scroll of random uselessness {unknown}
 h - a scroll of fog {unknown}
 k - a scroll of remove curse {unknown}
 m - a scroll of teleportation {unknown}
Potions
 f - 2 potions of flight {unknown}
 j - a potion of curing {unknown}
 l - a potion of lignification {unknown}
 o - a potion of resistance {unknown}
Comestibles
 c - 8 rations


   Skills:
 + Level 4.5 Fighting
 + Level 4.5 Axes
 + Level 2.4 Armour
 + Level 2.5 Dodging
 + Level 1.3 Stealth


You had 5 spell levels left.
You didn't know any spells.
Your spell library was empty.

Dungeon Overview and Level Annotations

Branches:
Dungeon (4/15)
 Temple: D:4-7

Altars:

Annotations:
D:4 Natasha


Innate Abilities, Weirdness & Mutations

You are resistant to torment.
Your stone body is resilient. (AC +4)
You are immune to poison.
You resist negative energy. (rN+)
You are resistant to electric shocks. (rElec)
You can survive without breathing.
You are immune to petrification.
You are immune to rotting.


Message History

You hear an angry hiss.
You closely miss the howler monkey.
The howler monkey is heavily wounded.
You hit the orc but do no damage. The howler monkey hits you.
* * * LOW HITPOINT WARNING * * *
The orc hits you but does no damage.
A scorpion comes into view.
The howler monkey hoots and howls with incredible vigour!
The orc hits you but does no damage.
You hit the howler monkey but do no damage.
The howler monkey is heavily wounded.
You barely miss the orc. You hit Natasha.
An adder comes into view.
The howler monkey hits you.
* * * LOW HITPOINT WARNING * * *
Natasha claws you but does no damage. The orc barely misses you.
The howler monkey misses you.
Natasha stares at you and mumbles some strange words.
The magic dart hits you!
You die...

...... #.........
....S #........#
.... #........# ...
#..<.....## ..
#......... .# ..
.........###o##....
#$.......#h@h......
#......<..%.###....
....#....##.# .
.....[s.###.#
:.#.##### ..# # ...
.... ..... ..####


You could see a scorpion, a howler monkey, Natasha, an adder and an orc.

Vanquished Creatures
  A hound (D:4)
  An orc priest (D:3)
  2 orc wizards (D:3)
  Natasha (D:4)
  3 adders
  A worm (D:2)
  4 dart slugs
  3 leopard geckos
  10 orcs (D:3)
  2 giant cockroaches
  7 goblins
  A hobgoblin (D:3)
  6 bats
  2 frilled lizards
  6 kobolds
  5 rats
55 creatures vanquished.

Notes
Turn   | Place    | Note
-------+----------+-------------------------------------------
     0 | D:1      | Fang the Gargoyle Berserker began the quest for the Orb.
     0 | D:1      | Reached XP level 1. HP: 14/14 MP: 1/1
   120 | D:1      | Reached XP level 2. HP: 19/20 MP: 2/2
   738 | D:2      | Reached XP level 3. HP: 22/24 MP: 3/3
  1370 | D:3      | Reached ** piety under Trog
  1373 | D:3      | Reached XP level 4. HP: 18/29 MP: 4/4
  1991 | D:3      | Reached skill level 1 in Stealth
  1991 | D:3      | Reached XP level 5. HP: 20/33 MP: 5/5
  2526 | D:4      | Noticed Natasha
  2534 | D:4      | Killed Natasha
  2539 | D:4      | Reached XP level 6. HP: 25/39 MP: 6/6
  2548 | D:4      | Noticed Natasha
  2552 | D:4      | HP: 1/39 [howler monkey (5)]
  2552 | D:4      | Killed from afar by Natasha

Skill      XL: |  1  2  3  4 |
---------------+-------------+-----
Axes           | 3 4 |  4.5
Fighting       | 4 |  4.5
Dodging        | 2 |  2.5
Stealth        | 1 |  1.3
Armour         | |  2.4

Action                   |  1- 3 |  4- 6 || total
-------------------------+-------+-------++-------
Melee: Hand axe          |   120 |   109 ||   229
Invok: Berserk           |       |     2 ||     2
 Stab: Sleeping          |     1 |       ||     1
  Eat: Chunk             |     2 |     5 ||     7
Armor: Animal skin       |    48 |    49 ||    97
Dodge: Dodged            |    89 |    63 ||   152
